 Dungeon Crawl Stone Soup version 0.30-a0-1016-gfb0d676c02 (webtiles) character file.

Game seed: 13144510901770837161

28 vishdafish the Conjurer (level 3, 12/24 HPs)
             Began as a Demonspawn Conjurer on Apr 6, 2023.
             Quit the game on level 2 of the Dungeon.
             The game lasted 00:02:38 (1258 turns).

vishdafish the Conjurer (Demonspawn Conjurer)       Turns: 1258, Time: 00:02:39

Health: 12/24      AC:  3    Str:  7    XL:     3   Next: 0%
Magic:  0/2        EV: 12    Int: 21    God:
Gold:   30         SH:  0    Dex: 11    Spells: 6/7 levels left

rFire   . . .      SeeInvis .    b - +1 spear (antimagic)
rCold   . . .      Faith    .    (no shield)
rNeg    . . .      Spirit   .    a - +0 robe
rPois   .          Reflect  .    i - +1 hat
rElec   .          Rampage  .    (no cloak)
rCorr   .                        (no gloves)
Will    .....                    (no boots)
Stlth   ++                       (no amulet)
HPRegen 0.24/turn                (no ring)
MPRegen 0.08/turn                (no ring)

@: no status effects
A: ignite blood 1, weakness stinger 1
a: no special abilities


You were on level 2 of the Dungeon.
You visited 1 branch of the dungeon, and saw 2 of its levels.

You collected 30 gold pieces.

Inventory:

Hand Weapons
 b - a +1 antimagic spear (weapon)
Missiles
 d - 2 throwing nets
Armour
 a - a +0 robe (worn)
 i - a +1 hat (worn)
Scrolls
 f - 3 scrolls of identify {unknown}
 h - a scroll of enchant weapon {unknown}
Potions
 c - 3 potions of curing {unknown}
 e - a potion of degeneration {unknown}
 g - 2 potions of haste {unknown}
 j - a potion of mutation {unknown}
 k - a potion of brilliance {unknown}


   Skills:
 - Level 1.7 Dodging
 - Level 1.7 Stealth
 + Level 2.7 Spellcasting
 + Level 4.5 Conjurations


You had 6 spell levels left.
You knew the following spells:

 Your Spells              Type           Power      Damage    Failure   Level
a - Magic Dart            Conj           84%        1d7       2%          1

Your spell library contained the following spells:

 Spells                   Type           Power      Damage    Failure   Level
 Searing Ray              Conj           42%        2d6       3%          2
 Dazzling Flash           Conj/Hex       24%        N/A       16%         3
 Fulminant Prism          Conj/Hex       6%         3d6       47%         4
 Iskenderun's Mystic Bla  Conj/Tloc      12%        2d5       47%         4


Dungeon Overview and Level Annotations

Branches:
Dungeon (2/15)

Altars:


Innate Abilities, Weirdness & Mutations

Your demonic aura sometimes causes spilled blood to erupt in flames.
You have a small tail.


Message History

There is a stone staircase leading down here.
Found a short sword.
Found a ring mail.
You now have 30 gold pieces (gained 17).
A hobgoblin comes into view.
The hobgoblin shouts!
A hobgoblin is nearby!
A hobgoblin is nearby!
You reach to attack!
You hit the hobgoblin but do no damage. You closely miss the hobgoblin.
The hobgoblin hits you.
You hit the hobgoblin but do no damage. The hobgoblin barely misses you.
You hit the hobgoblin.
You tail-slap the hobgoblin, but do no damage.
The hobgoblin is almost dead.
The hobgoblin hits you. x2
You are too injured to fight recklessly!
You are too injured to fight recklessly!
You are too injured to fight recklessly!
You are too injured to fight recklessly!
You are too injured to fight recklessly!
You are too injured to fight recklessly!
You are too injured to fight recklessly!
You are too injured to fight recklessly!
You are too injured to fight recklessly!
A hobgoblin is nearby!
You are too injured to fight recklessly!
You are too injured to fight recklessly!
You are too injured to fight recklessly!
You are too injured to fight recklessly!
Aiming: Magic Dart (safe; 2% risk of failure)
Press: ? - help, Q - select action, (/) - cycle Shift-Dir - straight line, f/p - hobgoblin
Aim: a hobgoblin (almost dead, 100% to hit)
The magic dart hits the hobgoblin.
You kill the hobgoblin!
You have reached level 3!
Your experience leads to an increase in your attributes!
Increase (S)trength, (I)ntelligence, or (D)exterity?
You feel clever. x2; Your demonic ancestry asserts itself...
Your blood heats up.
Are you sure you want to abandon this character and quit the game? (Confirm with "yes".)

#.# #.# ## #.#
... #.# #.# ....
#.# #.# .....
#.# #.#
####...... #.#
#.# ##.@....#
#.# ##.#
#..###### #.#
##..######.##
#.###..###.....#
#.....#....#####
........####
.>..........
#....#######
#...<#


There were no monsters in sight!

Vanquished Creatures
  A ball python (D:1)
  3 endoplasms (D:1)
  2 goblins (D:1)
  3 hobgoblins
  3 jackals (D:1)
  3 quokkas (D:1)
  5 bats (D:1)
  4 rats (D:1)
24 creatures vanquished.

Notes
Turn   | Place    | Note
-------+----------+-------------------------------------------
     0 | D:1      | vishdafish the Demonspawn Conjurer began the quest for the
                  | Orb.
     0 | D:1      | Reached XP level 1. HP: 13/13 MP: 3/3
   278 | D:1      | Gained mutation: You have a small tail. [demonic ancestry]
   278 | D:1      | Reached XP level 2. HP: 7/19 MP: 0/5
  1258 | D:2      | Gained mutation: Your demonic aura sometimes causes spilled
                  | blood to erupt in flames. [demonic ancestry]
  1258 | D:2      | Reached XP level 3. HP: 12/24 MP: 0/7
  1258 | D:2      | Quit the game

Illustrated notes

Levels and vault maps discovered:
D:1:      ncdulo_smallfort, layout_loops_ring
D:2:      layout_rooms, shapermc_ecumenical_altar_notcrosses

Action                     || total
---------------------------++-------
  Melee: Unarmed           ||    32
         Spear             ||    11
         Tailslap          ||     2
   Cast: Magic Dart        ||    49
    Use: Potion            ||     1
 Armour: Robe              ||    20
  Dodge: Dodged            ||    52

Table legend: (Time is in decaauts)
 A = Elapsed time spent in this place.
 B = Non-inter-level travel time spent in this place.
 C = Inter-level travel time spent in this place.
 D = Time resting spent in this place.
 E = Time spent auto-exploring this place.
 F = Levels seen in this place.
 G = Mean time per level.
                   A        B        C        D        E       F      G
               +--------+--------+--------+--------+--------+-----+--------+
         Total |   1258 |   1235 |     23 |      0 |    959 |   2 |  629.0 |
       Dungeon |   1258 |   1235 |     23 |      0 |    959 |   2 |  629.0 |
               +--------+--------+--------+--------+--------+-----+--------+

Top non-repeatable levels by time:
     D:1: 1187 daAuts
     D:2: 70 daAuts
